 Dungeon Crawl Stone Soup version 0.29.1-12-g30fa7ad0bf (webtiles) character file.

Game seed: 7666660248490745177

3758 croobank the Covert (level 10, -1/66 HPs)
             Began as an Octopode Summoner on Jan 1, 2023.
             Slain by Prince Ribbit (7 damage)
             ... in a bailey.
             The game lasted 00:31:04 (9580 turns).

croobank the Covert (Octopode Summoner)             Turns: 9580, Time: 00:31:04

Health: -1/66      AC:  1    Str: 14    XL:     10   Next: 15%
Magic:  7/18       EV: 14    Int: 21    God:
Gold:   293        SH: 13    Dex: 13    Spells: 5/19 levels left

rFire   . . .      SeeInvis .   e - +1 whip (freeze)
rCold   . . .      Faith    .   m - +3 buckler
rNeg    . . .      Spirit   .   (helmet restricted)
rPois   .          Reflect  +   v - amulet of reflection
rElec   .          Harm     .   f - +6 ring of strength
rCorr   .          Rampage  .   (no ring)
Will    .....                   (no ring)
Stlth   ++++++....              (no ring)
HPRegen 0.21/turn               (no ring)
MPRegen 0.16/turn               (no ring)
                                (no ring)
                                (no ring)

@: no status effects
A: almost no armour, amphibious, 8 rings, camouflage 1, gelatinous body 1,
nimble swimmer 1, tentacles
a: no special abilities


You were in a bailey.
You visited 1 branch of the dungeon, and saw 7 of its levels.
You also visited: Bailey.

You collected 293 gold pieces.

Inventory:

Hand Weapons
 c - a +0 broad axe
 e - a +1 whip of freezing (weapon)
 h - a +0 hand axe
 o - a +3 dagger
 q - a +0 falchion
 r - a +4 short sword
 z - a +0 trident of venom
 H - a +3 war axe
Missiles
 s - 3 boomerangs of dispersal
 t - 5 poisoned darts
 J - 5 boomerangs
Armour
 m - a +3 buckler (worn)
Jewellery
 f - a +6 ring of strength (left tentacle)
 v - an amulet of reflection (around mantle)
Wands
 d - a wand of mindburst (10)
 y - a wand of iceblast (8)
 A - a wand of flame (32)
 F - a wand of paralysis (12)
 G - a wand of acid (15)
Scrolls
 g - 5 scrolls of teleportation
 k - 2 scrolls of vulnerability
 B - a scroll of fear {unknown}
 C - a scroll of immolation {unknown}
 D - a scroll of blinking {unknown}
 E - a scroll of brand weapon {unknown}
Potions
 a - a potion of magic
 b - a potion of resistance
 i - a potion of haste
 j - a potion of brilliance
 l - a potion of ambrosia {unknown}
 n - 3 potions of curing {unknown}
 p - a potion of degeneration {unknown}
 u - 2 potions of heal wounds {unknown}
 w - 4 potions of invisibility {unknown}
 x - 2 potions of mutation {unknown}


   Skills:
 + Level 5.3 Fighting
 + Level 5.8 Dodging
 + Level 8.5 Stealth
 - Level 4.0 Shields
 + Level 5.4 Spellcasting
 + Level 4.0 Hexes
 + Level 6.9 Summonings
 + Level 2.0 Air Magic
 + Level 2.4 Poison Magic


You had 5 spell levels left.
You knew the following spells:

 Your Spells              Type           Power      Damage    Failure   Level
a - Summon Small Mammal   Summ           100%       N/A       1%          1
b - Call Imp              Summ           35%        N/A       1%          2
c - Call Canine Familiar  Summ           35%        N/A       2%          3
d - Summon Guardian Gole  Hex/Summ       29%        N/A       4%          3
e - Tukima's Dance        Hex            22%        N/A       8%          3
f - Poisonous Vapours     Pois/Air       30%        N/A       8%          2

Your spell library contained the following spells:

 Spells                   Type           Power      Damage    Failure   Level
 Summon Lightning Spire   Summ/Air       24%        N/A       21%         4
 Cause Fear               Hex            11%        N/A       24%         4
 Corpse Rot               Necr/Pois/Air  12%        N/A       56%         4
 Passage of Golubria      Tloc           5%         N/A       78%         4
 Yara's Violent Unravell  Hex/Tmut       7%         3d5       85%         5
 Dragon Form              Tmut           2%         N/A       100%        7
 Dragon's Call            Summ           17%        N/A       100%        9


Dungeon Overview and Level Annotations

Branches:
Dungeon (7/15)             Bailey (1/1)
 Temple: D:4-7

Altars:
Cheibriados
Sif Muna
Trog
Vehumet
Xom

Shops:
D:1 ==[*

Annotations:
Bailey Prince Ribbit


Innate Abilities, Weirdness & Mutations

You cannot wear most types of armour.
You are amphibious.
You can wear up to eight rings at the same time.
Your skin changes colour to match your surroundings (Stealth+).
Your rubbery body absorbs attacks. (AC +1, EV +1)
You are camouflaged when in or above water. (Stealth+)
You have tentacles for arms and can constrict up to eight enemies at once.


Message History

Okay, then.
Aiming: Corrosive Bolt
Press: ? - help, Shift-Dir - straight line, f/p - vault guard
Aim: a vault guard, wielding a +0 broad axe and wearing a +0 chain mail (lightly wounded, ally target, 68% to hit)
The bolt of acid hits the vault guard!
The vault guard is moderately wounded.
You block Prince Ribbit's attack.
The vault guard hits you with a +0 broad axe!!
The vault guard hits your guardian golem with a +0 broad axe.
Prince Ribbit is no longer covered in acid.
Your hound closely misses Prince Ribbit.
You block Prince Ribbit's attack.
Your hound completely misses Prince Ribbit.
You block Prince Ribbit's attack.
Your hound barely misses Prince Ribbit.
You block Prince Ribbit's attack.
Your hound barely misses Prince Ribbit.
Prince Ribbit closely misses your hound.
Your hound bites Prince Ribbit.
Prince Ribbit hits your hound!
Your hound barely misses Prince Ribbit.
The vault guard splashes around in the water.
Casting: Call Canine Familiar (dangerous; 2% risk of failure)
Confirm with . or Enter, or press ? or * to list all spells.
A guardian golem appears, shielding your allies.
Your guardian golem disappears in a puff of smoke!
Prince Ribbit barely misses your hound.
Your hound bites Prince Ribbit.
The vault guard hits your hound with a +0 broad axe!!
Your hound dies!
Your hound's corpse disappears in a puff of smoke!
Prince Ribbit blinks!
Prince Ribbit blinks!
Prince Ribbit closely misses you. Prince Ribbit attacks as you move away!
Prince Ribbit hits you!
* * * LOW HITPOINT WARNING * * *
Prince Ribbit attacks as you move away! Prince Ribbit hits you!
* * * LOW HITPOINT WARNING * * *
Prince Ribbit hits your guardian golem but does no damage.
Prince Ribbit hits your guardian golem.
Okay, then.
Prince Ribbit hits you!
You die...

#...~##≈.~~~#
#########..###≈~..~######
##..).#≈≈####≈≈~...##....!
##..)÷.#~~≈≈≈≈~~....#.....!
#...#÷.÷..~~~~...~..'..∩...
#.[.#.÷#.........~..#.....?
#..##..#≈≈≈~......~.##....?
#...#######≈~9p.~...~######
#####.......##≈~@F~~~~~~≈#
#...##......#≈~~~~~~~~~≈##
..∩.))....#'##≈≈~~~~~≈≈##
.))).######..###≈≈≈≈≈###
.)∩..'~~~##....#######
#.).##~~~~#......# #####
~~~~'.....## ~~~~#....##
#~~~##...##


You could see a vault guard, Prince Ribbit (ally target) and a friendly guardian
golem (summoned).

Vanquished Creatures
  A human (Bailey)
  2 water moccasins (D:6)
  7 bullfrogs (Bailey)
  2 scorpions
  A howler monkey (D:6)
  A hound (D:6)
  3 orc priests
  3 iguanas
  Ijyb (D:5)
  Natasha (twice) (D:3)
  An orc wizard (D:5)
  3 gnolls
  2 adders
  2 dart slugs (D:3)
  4 orcs
  2 endoplasms (D:2)
  2 giant cockroaches (D:1)
  4 goblins (D:7)
  7 hobgoblins
  A jackal (D:1)
  2 quokkas
  4 ball pythons
  2 bats
  A frilled lizard (D:3)
  2 kobolds
62 creatures vanquished.

Vanquished Creatures (collateral kills)
  A vault guard (Bailey)
  A water moccasin (D:6)
  2 ogres
  3 bullfrogs (Bailey)
  A hound (D:5)
  2 jellies (D:5)
  4 iguanas
  Natasha (D:3)
  An orc wizard (D:7)
  A gnoll (Bailey)
  4 adders
  2 shadow imps
  2 dart slugs (D:1)
  7 orcs
  2 endoplasms
  A giant cockroach (D:3)
  7 goblins
  4 hobgoblins
  8 jackals (D:1)
  A quokka (D:2)
  A ball python (D:2)
  4 frilled lizards
  5 kobolds
  2 rats
67 creatures vanquished.

Vanquished Creatures (others)
  A wyvern (D:5)
  3 humans (Bailey)
  A water moccasin (D:7)
  2 bullfrogs (Bailey)
  4 wights (D:7)
  A hobgoblin (Bailey)
12 creatures vanquished.

Grand Total: 141 creatures vanquished

Notes
Turn   | Place    | Note
-------+----------+-------------------------------------------
     0 | D:1      | croobank the Octopode Summoner began the quest for the Orb.
     0 | D:1      | Reached XP level 1. HP: 11/11 MP: 3/3
   252 | D:1      | Reached skill level 3 in Stealth
   252 | D:1      | Reached XP level 2. HP: 13/17 MP: 1/5
   408 | D:1      | Found Ciuf's Assorted Antiques.
   532 | D:1      | Learned a level 2 spell: Call Imp
   547 | D:1      | Reached XP level 3. HP: 15/22 MP: 1/6
   551 | D:1      | Learned a level 3 spell: Call Canine Familiar
  1110 | D:1      | Found Puv Cyt's Antique Armour Emporium.
  1325 | D:1      | Found Hyunkig's Jewellery Shop.
  1402 | D:1      | Found Upeshrib's Jewellery Emporium.
  2843 | D:2      | Reached XP level 4. HP: 27/27 MP: 7/7
  3008 | D:3      | Reached skill level 1 in Fighting
  3100 | D:3      | Noticed Natasha
  3107 | D:3      | Killed Natasha
  3321 | D:3      | Found a shimmering blue altar of Sif Muna.
  3574 | D:3      | Found a faded altar of an unknown god.
  3653 | D:3      | Found a bloodstained altar of Trog.
  3662 | D:3      | Noticed Natasha
  3679 | D:3      | Killed Natasha
  3680 | D:3      | Reached XP level 5. HP: 28/33 MP: 3/9
  3741 | D:3      | Noticed Natasha
  3756 | D:3      | Killed Natasha
  3757 | D:3      | Reached skill level 4 in Stealth
  3757 | D:3      | Reached skill level 1 in Shields
  3810 | D:3      | Found a snail-covered altar of Cheibriados.
  4782 | D:4      | Reached XP level 6. HP: 27/39 MP: 10/10
  5209 | D:4      | Reached skill level 5 in Summonings
  5570 | D:5      | Entered Level 5 of the Dungeon
  5624 | D:5      | Reached skill level 5 in Stealth
  5631 | D:5      | Reached XP level 7. HP: 45/45 MP: 6/11
  5787 | D:5      | Noticed Ijyb
  5803 | D:5      | Killed Ijyb
  6739 | D:5      | Found a radiant altar of Vehumet.
  6741 | D:5      | Noticed a wyvern
  6747 | D:5      | Learned a level 3 spell: Summon Guardian Golem
  6758 | D:5      | Killed a wyvern
  6759 | D:5      | Reached XP level 8. HP: 52/52 MP: 5/13
  7278 | D:5      | Reached skill level 6 in Stealth
  7409 | D:6      | Reached skill level 1 in Hexes
  7774 | D:6      | Found a shimmering altar of Xom.
  8125 | D:7      | Reached XP level 9. HP: 32/58 MP: 11/15
  8350 | D:7      | Found a flagged portal.
  8362 | D:7      | Reached skill level 7 in Stealth
  8391 | Bailey   | Entered a bailey
  8396 | Bailey   | Learned a level 3 spell: Tukima's Dance
  8503 | Bailey   | Reached skill level 5 in Dodging
  8525 | Bailey   | HP: 1/59 [hobgoblin/+0 hand axe (4)]
  8571 | Bailey   | Reached skill level 5 in Spellcasting
  9151 | Bailey   | Learned a level 2 spell: Poisonous Vapours
  9177 | Bailey   | Reached skill level 1 in Poison Magic
  9182 | Bailey   | Reached skill level 5 in Fighting
  9185 | Bailey   | Reached skill level 1 in Air Magic
  9189 | Bailey   | Reached skill level 8 in Stealth
  9284 | Bailey   | Noticed a vault guard
  9297 | Bailey   | Killed a vault guard
  9298 | Bailey   | Reached XP level 10. HP: 66/66 MP: 2/18
  9541 | Bailey   | Noticed Prince Ribbit
  9541 | Bailey   | Noticed a vault guard
  9580 | Bailey   | Slain by Prince Ribbit

Illustrated notes

Levels and vault maps discovered:
D:1:      dpeg_arrival_rhombi, layout_basic, serial_shops,
          nicolae_shop_overgrown_old_shop, nicolae_lakefront_shop,
          nicolae_diamond_shop, nicolae_shop_stone
D:2:      layout_basic, amcnicky_mini_corridor_feature
D:3:      layout_loops_ring, mainiacjoe_overflow_boulevard,
          mainiacjoe_overflow_cross_hatched, kennysheep_slug_shrine,
          basic_ecumenical_altar, uniq_natasha
D:4:      layout_basic
D:5:      layout_basic, mainiacjoe_overflow_paths, uniq_ijyb
D:6:      layout_cave_pools, mainiacjoe_overflow_catwalk
D:7:      layout_cave_pods, mainiacjoe_overflow_24_doors,
          minmay_temple_entry_mist, serial_glass, glass_columns_a,
          glass_columns_b, glass_columns_b, glass_columns_c, glass_columns_c,
          glass_columns_a, enter_bailey_5
Bailey:   bailey_axe_froggy_fort_hellmonk, bailey

Skill      XL: |  1  2  3  4  5  6  7  8  9 |
---------------+----------------------------+-----
Stealth        | 3 4 5 6 8 |  8.5
Fighting       | 1 2 3 4 5 |  5.3
Shields        | 1 2 3 4 |  4.0
Dodging        | 3 4 5 |  5.8
Spellcasting   | 3 4 5 |  5.4
Summonings     | 5 6 |  6.9
Hexes          | 2 4 |  4.0
Poison Magic   | 2 |  2.4
Air Magic      | 2 |  2.0

Action                   |  1- 3 |  4- 6 |  7- 9 | 10-12 || total
-------------------------+-------+-------+-------+-------++-------
Melee: Unarmed           |    12 |       |       |       ||    12
       Constrict         |     8 |     9 |    25 |     1 ||    43
       Tentacles         |     7 |     8 |    22 |     1 ||    38
       Whip              |    19 |    38 |    76 |     1 ||   134
       Punch             |       |       |     1 |       ||     1
 Cast: Summon Small Mamm |    38 |    21 |    36 |     2 ||    97
       Call Imp          |     6 |     8 |    13 |     1 ||    28
       Call Canine Famil |     5 |    20 |    27 |     3 ||    55
       Summon Guardian G |       |       |    10 |     3 ||    13
       Tukima's Dance    |       |       |     2 |       ||     2
Evoke: Wand              |       |       |    15 |     3 ||    18
  Use: Scroll            |       |       |    10 |       ||    10
       Potion            |       |       |     3 |       ||     3
 Stab: Sleeping          |     4 |     3 |       |       ||     7
       Distracted        |       |     1 |     3 |       ||     4
Armor: Skin              |     2 |     2 |     1 |     1 ||     6
Dodge: Dodged            |    19 |    18 |    42 |     1 ||    80
Block: Other             |       |     2 |     4 |       ||     6
       Buckler           |       |       |    49 |     7 ||    56
       Reflection        |       |       |     6 |       ||     6
